 Dungeon Crawl Stone Soup version 0.29.1-13-g9f3cf754e1 (webtiles) character file.

Game seed: 4195910419079499402

1026 MisterFreud the Nimble (level 8, -2/51 HPs)
             Began as a Felid Berserker on Feb 3, 2023.
             Was a Believer of Trog.
             Slain by a manticore (5 damage)
             ... on level 6 of the Dungeon.
             The game lasted 00:06:11 (5820 turns).

MisterFreud the Nimble (Felid Berserker)            Turns: 5820, Time: 00:06:12

Health: -2/51      AC:  2    Str: 13    XL:     8   Next: 2%
Magic:  9/9        EV: 24    Int:  8    God:    Trog [**....]
Gold:   194        SH:  0    Dex: 18    Spells: 7/7 levels left
                                        Lives:  0   Deaths: 2

rFire   . . .      SeeInvis +     - Unarmed
rCold   . . .      Faith    .   (shield unavailable)
rNeg    . . .      Spirit   .   (body armour unavailable)
rPois   .          Reflect  .   (helmet unavailable)
rElec   .          Harm     .   (cloak unavailable)
rCorr   .          Rampage  .   (gloves unavailable)
Will    +++..                   (boots unavailable)
Stlth   ..........              (no amulet)
HPRegen 1.17/turn               (no ring)
MPRegen 0.11/turn               (no ring)

@: berserking, strong-willed (expiring), spiked, regenerating (expiring),
studying 2 skills, very quick
A: very small, claws 1, fangs 3, see invisible, speed 1, shaggy fur 2, stealthy
paws, no weapons or thrown items, no armour, multi-lived
a: Renounce Religion, Berserk, Trog's Hand


You were on level 6 of the Dungeon.
You worshipped Trog.
Trog was pleased with you.
You visited 1 branch of the dungeon, and saw 7 of its levels.

You collected 194 gold pieces.

Inventory:

Scrolls
 a - a scroll of teleportation
Potions
 b - a potion of cancellation
 c - a potion of attraction {unknown}
 d - a potion of mutation {unknown}
 f - a potion of ambrosia {unknown}
 g - 3 potions of lignification
 i - a potion of heal wounds {unknown}
 j - a potion of haste {unknown}
 k - a potion of invisibility {unknown}
 l - 2 potions of might


   Skills:
 - Level 3.0 Fighting
 - Level 10.0 Dodging
 - Level 6.0 Stealth
 + Level 9.9 Unarmed Combat


You had 7 spell levels left.
You didn't know any spells.
Your spell library was empty.

Dungeon Overview and Level Annotations

Branches:
Dungeon (7/15)
 Temple: D:4-7

Altars:
Dithmenos
Hepliaklqana
The Shining One

Shops:
D:4 :

Annotations:
D:4 2 transporters, Andromeda's ghost, amateur HOFi


Innate Abilities, Weirdness & Mutations

You have sharp claws.
You have razor-sharp teeth.
You have supernaturally acute eyesight. (SInv)
You cover ground quickly. (Speed+)
You are covered in thick fur. (AC +2)
Your paws help you pounce on unaware monsters.
You are incapable of wielding weapons or throwing items.
You cannot wear armour.
You gain extra lives every three experience levels.


Message History

There are monsters nearby!
You claw the hound!
You kill the hound!
Trog accepts your kill.
The manticore flicks its tail.
The volley of spikes hits you!
The barbed spikes become lodged in your body.
The barbs in your skin will harm you if you move.
Continue? [Y]es or [N]o only, please.
The barbs in your skin will harm you if you move.
Continue? [Y]es or [N]o only, please.
The barbs in your skin will harm you if you move.
Continue?
Okay, then.
Unknown command.
Unknown command.
Your skin crawls.
You feel strong-willed.
The manticore flicks its tail.
The volley of spikes misses you.
The manticore flicks its tail.
The volley of spikes misses you.
You carefully extract the barbed spikes from your body.
The manticore flicks its tail.
The volley of spikes misses you.
The manticore flicks its tail.
The volley of spikes hits you!
The barbed spikes become lodged in your body.
A red film seems to cover your vision as you go berserk!
You feel yourself moving faster!
You feel mighty!
You feel the effects of Trog's Hand fading.
The manticore bites you!
* * * LOW HITPOINT WARNING * * *
The manticore claws you.
* * * LOW HITPOINT WARNING * * *
The manticore claws you.
* * * LOW HITPOINT WARNING * * *
You mangle the manticore!!
The manticore is moderately wounded.
The manticore bites you.
You die...

#.....# #.....###
#.......#########
#..)..#.........# .
#..)..##...[....#### ...
#.....##........#...
....#...).##........#...
....................#...
......H@............#...
###.....................
#.....................
#.)...................
###########...........
#.......#...
#.......###. #########
## #


You could see a manticore.

Vanquished Creatures
  Grinder (D:4)
  Sigmund (D:5)
  A water moccasin (D:5)
  Duvessa (D:4)
  A black bear (D:5)
  An ogre (D:5)
  Blork the orc (D:4)
  3 scorpions
  5 wights (D:5)
  Dowan (D:4)
  2 hounds
  3 jellies
  Jessica (D:2)
  An orc wizard (D:6)
  5 adders
  A white imp (D:6)
  An ufetubus (D:6)
  A dart slug (D:2)
  18 orcs
  8 ball pythons
  5 endoplasms
  6 giant cockroaches
  8 goblins
  6 hobgoblins
  2 jackals (D:2)
  4 quokkas
  4 bats
  7 kobolds
  4 rats
103 creatures vanquished.

Notes
Turn   | Place    | Note
-------+----------+-------------------------------------------
     0 | D:1      | MisterFreud the Felid Berserker began the quest for the
                  | Orb.
     0 | D:1      | Reached XP level 1. HP: 10/10 MP: 2/2
   185 | D:1      | Reached skill level 1 in Stealth
   310 | D:1      | Reached XP level 2. HP: 9/14 MP: 3/3
   605 | D:1      | Found a faded altar of an unknown god.
   939 | D:2      | Found a shadowy altar of Dithmenos.
  1094 | D:2      | Reached XP level 3. HP: 5/17 MP: 4/4
  1615 | D:2      | Noticed Jessica
  1624 | D:2      | Killed Jessica
  1667 | D:2      | Reached XP level 4. HP: 4/21 MP: 5/5
  2993 | D:3      | Found a hazy altar of Hepliaklqana.
  3092 | D:3      | Noticed a scorpion
  3097 | D:3      | Killed a scorpion
  3098 | D:3      | Reached skill level 5 in Stealth
  3098 | D:3      | Reached XP level 5. HP: 24/24 MP: 6/6
  3445 | D:4      | Noticed Blork the orc
  3453 | D:4      | Killed Blork the orc
  3454 | D:4      | Reached skill level 5 in Unarmed Combat
  3569 | D:4      | Found a transporter.
  3571 | D:4      | Noticed Andromeda's ghost (amateur HOFi)
  3576 | D:4      | Found a transporter.
  3587 | D:4      | Noticed Grinder
  3604 | D:4      | HP: 1/24 [Grinder (3)]
  3605 | D:4      | Killed from afar by Grinder
  3606 | D:4      | Reached XP level 4. HP: -3/21 MP: 5/5
  3614 | D:4      | Found Kuinozo's Book Shop.
  3668 | D:4      | Noticed Duvessa
  3668 | D:4      | Noticed Dowan
  3670 | D:4      | Killed Duvessa
  3671 | D:4      | Reached XP level 5. HP: 24/24 MP: 6/6
  3681 | D:4      | Killed Dowan
  3682 | D:4      | Gained mutation: You are covered in thick fur. (AC +2)
                  | [Felid growth]
  3682 | D:4      | Reached XP level 6. HP: 26/28 MP: 7/7
  3842 | D:4      | Found a glowing golden altar of the Shining One.
  4092 | D:4      | Reached skill level 5 in Dodging
  4540 | D:4      | Paralysed by Grinder for 4 turns
  4546 | D:4      | Killed Grinder
  4547 | D:4      | Reached skill level 7 in Dodging
  4547 | D:4      | Reached XP level 7. HP: 22/31 MP: 8/8
  4826 | D:4      | Identified a scroll of acquirement
  4826 | D:4      | Acquired a manual of Unarmed Combat
  4859 | D:5      | Entered Level 5 of the Dungeon
  4933 | D:5      | Reached skill level 8 in Dodging
  4948 | D:5      | Reached skill level 9 in Dodging
  4953 | D:5      | Reached XP level 8. HP: 6/34 MP: 9/9
  4955 | D:5      | Slain by an orc
  4956 | D:5      | Reached XP level 7. HP: -2/31 MP: 8/8
  5001 | D:5      | Acquired a manual of Dodging
  5173 | D:5      | Reached ** piety under Trog
  5179 | D:5      | Noticed Sigmund
  5207 | D:5      | Killed Sigmund
  5208 | D:5      | Reached skill level 10 in Dodging
  5573 | D:5      | You fall into a shaft and drop 2 floors!
  5806 | D:6      | Reached XP level 8. HP: 34/34 MP: 9/9
  5807 | D:6      | Noticed a manticore
  5819 | D:6      | HP: 2/51 [manticore (5)]
  5820 | D:6      | Slain by a manticore

Illustrated notes

Levels and vault maps discovered:
D:1:      dpeg_arrival_simpleton_c, layout_loops_ring,
          hellmonk_ecumenical_altar_prayer_group, minivault_23
D:2:      layout_basic, basic_altar, uniq_jessica
D:3:      layout_basic, mainiacjoe_overflow_boulevard
D:4:      layout_gridville, lemuel_round_altar, gammafunk_ghost_mausoleum,
          serial_shops, nicolae_diamond_shop, roderic_cross_of_infinity,
          kennysheep_generic_room_12, uniq_grinder, uniq_duvessa,
          uniq_blork_the_orc
D:5:      layout_cave_pools, evilmike_ruin_ashenzari, grunt_decor_fettered,
          uniq_sigmund
D:6:      layout_basic
D:7:      layout_loops_ring, minmay_temple_entry_hall,
          corexii_item_surrounded_by_moat, hangedman_decor_push

Skill      XL: |  1  2  3  4  5  6  7 |
---------------+----------------------+-----
Stealth        | 1 2 3 6 |  6.0
Unarmed Combat | 4 6 9 |  9.9
Dodging        | 7 10 | 10.0
Fighting       | |  3.0

Action                   |  1- 3 |  4- 6 |  7- 9 || total
-------------------------+-------+-------+-------++-------
Melee: Unarmed           |    70 |   126 |    87 ||   283
       Bite              |     5 |    10 |     4 ||    19
       Punch             |     2 |     2 |     3 ||     7
Invok: Berserk           |       |     4 |     3 ||     7
       Trog's Hand       |       |       |     1 ||     1
  Use: Scroll            |     2 |     6 |     7 ||    15
       Potion            |       |     1 |       ||     1
 Stab: Sleeping          |     3 |    18 |     6 ||    27
       Distracted        |       |       |     1 ||     1
Armor: Skin              |       |     4 |     2 ||     6
Dodge: Dodged            |    54 |    85 |    88 ||   227
